 Dungeon Crawl Stone Soup version 0.29.0-4-gdea44cf6ec (webtiles) character file.

Game seed: 8733174463603843868

5084 qw the Cleaver (level 10, -3/64 HPs)
             Began as a Gargoyle Berserker on Sept 4, 2022.
             Was an Elder of Trog.
             Slain by a stone giant (shapeshifter) (10 damage)
             ... on level 9 of the Dungeon.
             The game lasted 00:03:15 (10621 turns).

qw the Cleaver (Gargoyle Berserker)                Turns: 10621, Time: 00:03:15

Health: -3/64      AC: 26    Str: 31    XL:     10   Next: 57%
Magic:  10/10      EV:  8    Int:  8    God:    Trog [****..]
Gold:   662        SH:  4    Dex:  9    Spells: 9/9 levels left

rFire   + . .      SeeInvis .   Y - +6 broad axe (flame)
rCold   . . .      Faith    .   a - +0 buckler
rNeg    + . .      Spirit   .   i - +0 plate armour
rPois   inf        Reflect  .   d - +0 helmet
rElec   +          Harm     .   (no cloak)
rCorr   .          Rampage  .   h - +2 pair of gloves
Will    .....                   j - +0 pair of boots
Stlth   ..........              (no amulet)
HPRegen 0.20/turn               o - +6 ring of strength
MPRegen 0.12/turn               l - ring of protection from fire

@: on berserk cooldown, slowed, very slow
A: sickness immunity, AC +7, negative energy resistance 1, electricity
resistance, torment resistance 1, petrification resistance
a: Renounce Religion, Berserk, Trog's Hand, Brothers in Arms


You were on level 9 of the Dungeon.
You worshipped Trog.
Trog was greatly pleased with you.
You visited 1 branch of the dungeon, and saw 9 of its levels.

You collected 662 gold pieces.


Innate Abilities, Weirdness & Mutations

You are immune to sickness and miasma.
Your stone body is resilient. (AC +7)
You are immune to poison.
You resist negative energy. (rN+)
You are resistant to electric shocks. (rElec)
You are resistant to unholy torment.
You are immune to petrification.


   Skills:
 - Level 8.0 Fighting
 + Level 10.3 Axes
 - Level 2.3 Throwing
 - Level 7.3 Armour
 - Level 1.5 Dodging
 - Level 5.1 Shields


You had 9 spell levels left.
You didn't know any spells.
Your spell library was empty.

Inventory:

Hand Weapons
 Y - a +6 broad axe of flaming (weapon)
Armour
 a - a +0 buckler (worn)
 b - the +1 buckler of Elitism {rC- Str+3 Stlth+}
   (You acquired it on level 2 of the Dungeon)

   Str:       It affects your strength (+3).
   rC:        It makes you vulnerable to cold.
   Stlth:     It makes you more stealthy.
 d - a +0 helmet (worn)
 h - a +2 pair of gloves (worn)
 i - a +0 plate armour (worn)
 j - a +0 pair of boots (worn)
Jewellery
 c - a ring of fire
 k - a +6 ring of dexterity
 l - a ring of protection from fire (right hand)
 o - a +6 ring of strength (left hand)
Scrolls
 e - 2 scrolls of identify
 g - a scroll of immolation {unknown}
Potions
 f - 2 potions of heal wounds
 m - a potion of attraction {unknown}
 n - 2 potions of haste
 r - a potion of cancellation {unknown}

Dungeon Overview and Level Annotations

Branches:
Dungeon (9/15)             Temple (0/1) D:5             Orc (0/2) D:9
   Lair: D:8-11

Altars:
Fedhas
Kikubaaqudgha
Makhleb
Nemelex Xobeh
Qazlal
Xom
Yredelemnul
The Shining One

Annotations:
D:5 2 runed translucent doors


Message History

Moving in this stuff is going to be slow.
The orc wizard shouts!
The alligator snapping turtle bites you but does no damage.
The orc wizard gestures wildly while chanting.
The orc wizard flickers and vanishes!
The centaur shouts!
You hit the alligator snapping turtle. You burn the alligator snapping turtle.
The alligator snapping turtle is lightly wounded.
You barely miss the alligator snapping turtle.
The alligator snapping turtle is lightly wounded.
The alligator snapping turtle closely misses you.
Your unstable footing causes you to fumble your attack.
The alligator snapping turtle bites you!!
You hear a bellow!
Your unstable footing causes you to fumble your attack.
The orc wizard mumbles some strange words.
The orc wizard flickers and vanishes!
You hit the alligator snapping turtle but do no damage.
The alligator snapping turtle is lightly wounded.
The alligator snapping turtle bites you but does no damage.
You hit the alligator snapping turtle but do no damage.
The alligator snapping turtle is lightly wounded.
You barely miss the alligator snapping turtle.
The alligator snapping turtle is lightly wounded.
The alligator snapping turtle bites you but does no damage.
The centaur shouts!
You slice the alligator snapping turtle!!
You burn the alligator snapping turtle.
The alligator snapping turtle is lightly wounded.
You hear a bellow!
The alligator snapping turtle changes into a stone giant!
You slash the stone giant! You burn the stone giant.
The stone giant is moderately wounded.
Your unstable footing causes you to fumble your attack.
The stone giant splashes around in the water.
Your unstable footing causes you to fumble your attack.
You are no longer berserk.
You are exhausted.
You feel yourself slow down. The stone giant hits you!
You die...

#....~.......#####
#.................
###........#######
#.......####}#}#
##.###..##¤~~~~~
#.# #..#}~.....
######.#
#..##~.._.. o
#8~~)..#
####}~..... ...
#~~@.### ##~~~.~~
#..#~C~.#
#¤####'##
#..#~~~.#
#¤~~~~.~~
#.[z~~~.#
#.###).##
#c.#~~~.# #.#
#.... #..#~~~.#
#.# #.### ...
#~~~.#######.#
#.... ..
#8~~......##.#
#.###
#########....# #.#


You could see a stone giant shaped shifter, a centaur and a wight.

Vanquished Creatures
  A two-headed ogre (D:9)
  A hornet (D:9)
  A troll (D:7)
  3 steam dragons
  Menkaure (D:6)
  2 acid dragons (D:9)
  4 water moccasins
  2 orc warriors
  2 sky beasts
  A black bear (D:7)
  2 centaurs (D:6)
  2 ogres (D:6)
  A phantom (D:7)
  4 bullfrogs
  A kobold brigand (D:9)
  A scorpion (D:6)
  5 wights (D:8)
  15 killer bees
  A howler monkey (D:5)
  2 jellies (D:6)
  4 hounds
  3 gnoll boudas
  3 iguanas
  5 orc wizards
  Robin (D:4)
  12 gnolls
  4 adders
  3 shadow imps
  A white imp (D:6)
  10 dart slugs
  20 orcs
  4 endoplasms
  4 giant cockroaches
  18 goblins
  10 hobgoblins
  8 jackals
  2 quokkas
  9 ball pythons
  5 bats
  4 frilled lizards
  9 kobolds
  3 rats
194 creatures vanquished.

Vanquished Creatures (others)
  3 withered plants (D:1)
3 creatures vanquished.

Grand Total: 197 creatures vanquished

Notes
Turn   | Place    | Note
-------+----------+-------------------------------------------
     0 | D:1      | qw the Gargoyle Berserker began the quest for the Orb.
     0 | D:1      | Reached XP level 1. HP: 14/14 MP: 1/1
     0 | D:1      | 0 ||| qw: Version: 0.1-a-103-gd6f5d3a
     0 | D:1      | 0 ||| qw: Game counter: 5443
     0 | D:1      | 0 ||| qw: Always use a shield: true
     0 | D:1      | 0 ||| qw: Do Orc after D:15 true
     0 | D:1      | 0 ||| qw: Do second Lair branch before Depths: true
     0 | D:1      | 0 ||| qw: Lair rune preference: random
     0 | D:1      | 0 ||| qw: Plans: Normal
     0 | D:1      | 0 ||| PLANNING D:1-11
    41 | D:1      | 41 ||| Stepping ~*~*~tactically~*~*~ (stealth).
    91 | D:1      | 91 ||| INVOKING Berserk.
    98 | D:1      | Reached skill level 3 in Axes
    98 | D:1      | Reached XP level 2. HP: 19/19 MP: 2/2
   524 | D:1      | Found a faded altar of an unknown god.
   574 | D:1      | 574 ||| Stepping ~*~*~tactically~*~*~ (stealth).
   576 | D:1      | 576 ||| Stepping ~*~*~tactically~*~*~ (stealth).
   953 | D:1      | 953 ||| Stepping ~*~*~tactically~*~*~ (stealth).
  1415 | D:1      | 1415 ||| UPGRADING to +0 ring mail.
  1425 | D:1      | 1425 ||| DROPPING +0 animal skin.
  1426 | D:1      | 1426 ||| UPGRADING to +2 pair of gloves.
  1431 | D:1      | 1431 ||| UPGRADING to +0 plate armour.
  1441 | D:1      | 1441 ||| DROPPING +0 ring mail.
  1442 | D:1      | 1442 ||| READING scroll labelled NULIMEKIWE.
  1443 | D:1      | 1443 ||| READING 4 scrolls labelled XAFAMA EGID.
  1444 | D:1      | 1444 ||| READING scroll labelled AMUKLYDESE.
  1672 | D:2      | Reached XP level 3. HP: 23/23 MP: 3/3
  1748 | D:2      | 1748 ||| DROPPING +0 club.
  1765 | D:2      | 1765 ||| Stepping ~*~*~tactically~*~*~ (stealth).
  2218 | D:2      | 2218 ||| UPGRADING to +0 helmet.
  2223 | D:2      | 2223 ||| READING scroll labelled QEONTO SIAGUCS.
  2223 | D:2      | Identified a scroll of acquirement
  2223 | D:2      | 2223 ||| ACQUIRING +1 buckler of Elitism {rC- Str+3 Stlth+}
  2223 | D:2      | Acquired the +1 buckler of Elitism {rC- Str+3 Stlth+}
  2225 | D:2      | 2225 ||| UPGRADING to +1 buckler of Elitism {rC- Str+3
                  | Stlth+}.
  2230 | D:2      | 2230 ||| DRINKING 2 ruby potions.
  2231 | D:2      | 2231 ||| READING 3 scrolls of identify.
  2231 | D:2      | 2231 ||| IDENTIFYING fizzy cyan potion
  2232 | D:2      | 2232 ||| DROPPING potion of brilliance.
  2250 | D:3      | Reached skill level 1 in Shields
  2263 | D:3      | Reached skill level 4 in Axes
  2377 | D:3      | 2377 ||| DROPPING +0 whip.
  2385 | D:3      | 2385 ||| READING scroll of acquirement.
  2385 | D:3      | 2385 ||| ACQUIRING +2 broad axe of flaming
  2385 | D:3      | Acquired a +2 broad axe of flaming
  2387 | D:3      | 2387 ||| SWAPPING to +2 broad axe of flaming.
  2388 | D:3      | 2388 ||| DROPPING +0 vorpal flail.
  2389 | D:3      | 2389 ||| DROPPING +0 hand axe.
  2394 | D:3      | Found a blossoming altar of Fedhas.
  2519 | D:3      | Reached ** piety under Trog
  2578 | D:3      | Reached XP level 4. HP: 28/28 MP: 4/4
  2632 | D:3      | 2632 ||| Stepping ~*~*~tactically~*~*~ (stealth).
  2998 | D:3      | 2998 ||| UPGRADING to +0 buckler.
  3008 | D:3      | 3008 ||| READING 2 scrolls of identify.
  3008 | D:3      | 3008 ||| IDENTIFYING bubbling sapphire potion
  3009 | D:3      | 3009 ||| DROPPING potion of magic.
  3030 | D:4      | 3030 ||| STAIRDANCE
  3037 | D:4      | 3037 ||| STAIRDANCE
  3044 | D:4      | 3044 ||| Stepping ~*~*~tactically~*~*~ (stealth).
  3045 | D:4      | 3045 ||| Stepping ~*~*~tactically~*~*~ (hiding).
  3048 | D:4      | 3048 ||| INVOKING Berserk.
  3053 | D:4      | Reached skill level 3 in Armour
  3100 | D:4      | Noticed Robin
  3101 | D:4      | 3101 ||| Stepping ~*~*~tactically~*~*~ (stealth).
  3102 | D:4      | 3102 ||| Stepping ~*~*~tactically~*~*~ (stealth).
  3104 | D:4      | 3104 ||| INVOKING Berserk.
  3105 | D:4      | Killed Robin
  3111 | D:4      | Reached XP level 5. HP: 32/32 MP: 5/5
  3130 | D:4      | 3130 ||| FLEEEEING.
  3131 | D:4      | 3131 ||| FLEEEEING.
  3132 | D:4      | 3132 ||| STAIRDANCE
  3433 | D:4      | 3433 ||| Stepping ~*~*~tactically~*~*~ (stealth).
  3451 | D:4      | 3451 ||| Stepping ~*~*~tactically~*~*~ (stealth).
  3492 | D:4      | Found a stormy altar of Qazlal.
  3553 | D:4      | Found a sparkling altar of Nemelex Xobeh.
  3903 | D:4      | 3903 ||| UPGRADING to ring of willpower.
  3904 | D:4      | 3904 ||| READING scroll labelled XUL CO VONI.
  3909 | D:4      | 3909 ||| READING 2 scrolls labelled UMOCWO HAENUNA.
  3910 | D:4      | 3910 ||| READING scroll of enchant weapon.
  3910 | D:4      | 3910 ||| ENCHANTING +3 broad axe of flaming.
  3911 | D:4      | 3911 ||| READING scroll labelled FEAXZU XOITU.
  3912 | D:4      | 3912 ||| DRINKING 2 smoky clear potions.
  3913 | D:4      | 3913 ||| READING 2 scrolls of identify.
  3913 | D:4      | 3913 ||| IDENTIFYING silvery potion
  3914 | D:4      | 3914 ||| DROPPING potion of flight.
  3936 | D:5      | Entered Level 5 of the Dungeon
  3940 | D:5      | 3940 ||| STAIRDANCE
  3972 | D:5      | 3972 ||| STAIRDANCE
  3976 | D:4      | Reached *** piety under Trog
  4031 | D:5      | 4031 ||| STAIRDANCE
  4047 | D:5      | Reached skill level 5 in Axes
  4095 | D:5      | Found a staircase to the Ecumenical Temple.
  4113 | D:5      | Identified the +8 rapier "Demonslayer" {flame, rC+ Str+4}
  4249 | D:5      | Reached XP level 6. HP: 38/38 MP: 6/6
  4323 | D:5      | Found a large runed translucent door.
  4323 | D:5      | Found a large runed translucent door.
  4329 | D:5      | Found a shimmering altar of Xom.
  4349 | D:5      | 4349 ||| Stepping ~*~*~tactically~*~*~ (hiding).
  4350 | D:5      | 4350 ||| Stepping ~*~*~tactically~*~*~ (hiding).
  4353 | D:5      | 4353 ||| INVOKING Berserk.
  4487 | D:5      | 4487 ||| Stepping ~*~*~tactically~*~*~ (stealth).
  4635 | D:5      | 4635 ||| DROPPING ring of flight.
  4636 | D:5      | 4636 ||| UPGRADING to ring of protection from fire.
  4637 | D:5      | 4637 ||| UPGRADING to +6 ring of strength.
  4639 | D:5      | 4639 ||| READING scroll labelled ETACIL NIKUO.
  4640 | D:5      | 4640 ||| READING 2 scrolls of identify.
  4640 | D:5      | 4640 ||| IDENTIFYING smoky purple potion
  4657 | D:6      | 4657 ||| Stepping ~*~*~tactically~*~*~ (hiding).
  4660 | D:6      | 4660 ||| INVOKING Berserk.
  4675 | D:6      | Reached skill level 6 in Axes
  4675 | D:6      | Reached XP level 7. HP: 25/43 MP: 7/7
  4696 | D:6      | 4696 ||| FLEEEEING.
  4697 | D:6      | 4697 ||| FLEEEEING.
  4698 | D:6      | 4698 ||| FLEEEEING.
  4702 | D:6      | 4702 ||| STAIRDANCE
  4827 | D:6      | 4827 ||| INVOKING Berserk.
  4956 | D:6      | 4956 ||| Stepping ~*~*~tactically~*~*~ (hiding).
  4967 | D:6      | Reached skill level 3 in Shields
  5066 | D:6      | 5066 ||| INVOKING Berserk.
  5092 | D:6      | 5092 ||| DRINKING potion of curing.
  5092 | D:6      | 5092 ||| (to cure confusion)
  5125 | D:6      | Reached XP level 8. HP: 25/48 MP: 8/8
  5291 | D:6      | Found an ancient bone altar of Kikubaaqudgha.
  5302 | D:6      | 5302 ||| INVOKING Berserk.
  5304 | D:6      | Reached skill level 7 in Axes
  5452 | D:6      | 5452 ||| FLEEEEING.
  5453 | D:6      | 5453 ||| FLEEEEING.
  5754 | D:6      | Noticed Menkaure
  5755 | D:6      | 5755 ||| Stepping ~*~*~tactically~*~*~ (hiding).
  5762 | D:6      | 5762 ||| INVOKING Berserk.
  5764 | D:6      | Killed Menkaure
  5826 | D:6      | 5826 ||| FLEEEEING.
  5827 | D:6      | 5827 ||| FLEEEEING.
  5828 | D:6      | 5828 ||| FLEEEEING.
  5903 | D:6      | 5903 ||| FLEEEEING.
  5904 | D:6      | 5904 ||| FLEEEEING.
  5905 | D:6      | 5905 ||| FLEEEEING.
  6015 | D:6      | 6015 ||| FLEEEEING.
  6016 | D:6      | 6016 ||| FLEEEEING.
  6018 | D:6      | 6018 ||| FLEEEEING.
  6018 | D:6      | HP: 6/49 [centaur/arrow (11)]
  6019 | D:6      | 6019 ||| FLEEEEING.
  6312 | D:6      | 6312 ||| Stepping ~*~*~tactically~*~*~ (stealth).
  6320 | D:6      | 6320 ||| FLEEEEING.
  6321 | D:6      | 6321 ||| FLEEEEING.
  6323 | D:6      | 6323 ||| FLEEEEING.
  6323 | D:6      | HP: 12/49 [centaur/arrow (2)]
  6324 | D:6      | 6324 ||| FLEEEEING.
  6568 | D:6      | 6568 ||| FLEEEEING.
  6570 | D:6      | 6570 ||| FLEEEEING.
  6571 | D:6      | 6571 ||| FLEEEEING.
  6718 | D:6      | 6718 ||| Stepping ~*~*~tactically~*~*~ (stealth).
  6722 | D:6      | 6722 ||| FLEEEEING.
  6723 | D:6      | 6723 ||| FLEEEEING.
  6724 | D:6      | 6724 ||| FLEEEEING.
  6726 | D:6      | 6726 ||| FLEEEEING.
  6727 | D:6      | 6727 ||| FLEEEEING.
  6988 | D:6      | 6988 ||| Stepping ~*~*~tactically~*~*~ (stealth).
  6992 | D:6      | 6992 ||| FLEEEEING.
  6993 | D:6      | 6993 ||| FLEEEEING.
  6994 | D:6      | 6994 ||| FLEEEEING.
  6995 | D:6      | 6995 ||| FLEEEEING.
  7161 | D:6      | 7161 ||| UPGRADING to +0 pair of boots.
  7197 | D:7      | 7197 ||| Stepping ~*~*~tactically~*~*~ (hiding).
  7330 | D:7      | 7330 ||| Stepping ~*~*~tactically~*~*~ (hiding).
  7455 | D:7      | 7455 ||| INVOKING Berserk.
  7646 | D:7      | 7646 ||| READING scroll of enchant weapon.
  7646 | D:7      | 7646 ||| ENCHANTING +4 broad axe of flaming.
  7842 | D:7      | 7842 ||| INVOKING Berserk.
  7845 | D:7      | Reached skill level 8 in Axes
  7960 | D:7      | 7960 ||| Stepping ~*~*~tactically~*~*~ (hiding).
  7961 | D:7      | 7961 ||| Stepping ~*~*~tactically~*~*~ (hiding).
  7969 | D:7      | Reached skill level 6 in Fighting
  7969 | D:7      | Reached XP level 9. HP: 49/55 MP: 9/9
  7978 | D:7      | 7978 ||| Stepping ~*~*~tactically~*~*~ (stealth).
  7979 | D:7      | 7979 ||| FLEEEEING.
  7980 | D:7      | 7980 ||| INVOKING Berserk.
  8238 | D:7      | Found a glowing golden altar of the Shining One.
  8240 | D:7      | Noticed an angel
  8249 | D:7      | Found a basalt altar of Yredelemnul.
  8283 | D:7      | Noticed a troll
  8286 | D:7      | 8286 ||| INVOKING Berserk.
  8288 | D:7      | Killed a troll
  8289 | D:7      | Reached skill level 9 in Axes
  8520 | D:7      | Found the +18 Lear's hauberk
  8651 | D:7      | 8651 ||| DROPPING amulet of faith.
  8652 | D:7      | 8652 ||| DROPPING ring of willpower.
  8653 | D:7      | 8653 ||| READING 2 scrolls of identify.
  8653 | D:7      | 8653 ||| IDENTIFYING fizzy inky potion
  8654 | D:7      | 8654 ||| DROPPING potion of degeneration.
  8818 | D:8      | Reached skill level 6 in Armour
  9145 | D:8      | 9145 ||| Stepping ~*~*~tactically~*~*~ (stealth).
  9602 | D:8      | 9602 ||| DROPPING amulet of magic regeneration.
  9603 | D:8      | 9603 ||| READING scroll labelled QORULE JOPE.
  9604 | D:8      | 9604 ||| READING scroll labelled ZOCSYO SOYMYRR.
  9617 | D:9      | Found a staircase to the Orcish Mines.
  9657 | D:9      | 9657 ||| Stepping ~*~*~tactically~*~*~ (stealth).
  9660 | D:9      | 9660 ||| Stepping ~*~*~tactically~*~*~ (hiding).
  9662 | D:9      | 9662 ||| INVOKING Berserk.
  9670 | D:9      | Reached XP level 10. HP: 63/63 MP: 10/10
  9675 | D:9      | 9675 ||| Stepping ~*~*~tactically~*~*~ (hiding).
  9680 | D:9      | Noticed a two-headed ogre
  9685 | D:9      | Reached skill level 10 in Axes
  9687 | D:9      | Killed a two-headed ogre
  9689 | D:9      | HP: 13/63 [gnoll/+0 club[a gnoll bouda] (5)]
  9690 | D:9      | 9690 ||| DRINKING 2 potions of heal wounds.
  9697 | D:9      | 9697 ||| INVOKING Berserk.
  9837 | D:9      | 9837 ||| Stepping ~*~*~tactically~*~*~ (stealth).
  9915 | D:9      | 9915 ||| Stepping ~*~*~tactically~*~*~ (stealth).
  9984 | D:9      | 9984 ||| READING scroll of enchant weapon.
  9984 | D:9      | 9984 ||| ENCHANTING +5 broad axe of flaming.
 10047 | D:9      | Reached **** piety under Trog
 10075 | D:9      | 10075 ||| Stepping ~*~*~tactically~*~*~ (hiding).
 10076 | D:9      | 10076 ||| INVOKING Berserk.
 10459 | D:9      | Found a burning altar of Makhleb.
 10507 | D:9      | 10507 ||| Stepping ~*~*~tactically~*~*~ (stealth).
 10510 | D:9      | 10510 ||| FLEEEEING.
 10511 | D:9      | 10511 ||| FLEEEEING.
 10512 | D:9      | 10512 ||| FLEEEEING.
 10513 | D:9      | 10513 ||| FLEEEEING.
 10514 | D:9      | 10514 ||| FLEEEEING.
 10598 | D:9      | Noticed an alligator snapping turtle
 10600 | D:9      | 10600 ||| Stepping ~*~*~tactically~*~*~ (water).
 10603 | D:9      | 10603 ||| INVOKING Berserk.
 10613 | D:9      | HP: 9/96 [alligator snapping turtle (shapeshifter) (25)]
 10618 | D:9      | Noticed a stone giant
 10618 | D:9      | an alligator snapping turtle changed into a stone giant
 10621 | D:9      | Slain by a stone giant (shapeshifter)

Levels and vault maps discovered:
D:1:      wheals_arrival_linesprint, layout_basic,
          ebering_ecumenical_altar_petrified, grunt_decor_cap
D:2:      layout_loops_ring, serial_park_tiny_pond,
          chequers_serial_rivers_marsh, minmay_diced_spiral
D:3:      layout_loops_cross, overflow_temple_1_default
D:4:      layout_loops_ring, lemuel_doored_altar,
          mainiacjoe_overflow_six_doors_small, uniq_robin
D:5:      due_chaos_kobolds, layout_rooms, minmay_temple_entry_mini_moons
D:6:      layout_loops_cross, nicolae_kikubaaqudgha_miasma_corner, centaur_isle,
          uniq_menkaure
D:7:      kennysheep_slugbush, layout_loops_corners,
          grunt_temple_overflow_holy_war, hellmonk_guarded_unrand_lears
D:8:      layout_basic, reono_crystal_passage, serial_bayou_pond_d
D:9:      layout_basic, lightli_temple_of_fire, evilmike_minifort

Skill      XL: |  1  2  3  4  5  6  7  8  9 10 |
---------------+-------------------------------+-----
Axes           | 3 4 5 6 8 9 10 | 10.3
Shields        | 1 2 3 4 5 |  5.1
Armour         | 3 4 5 6 7 |  7.3
Fighting       | 4 6 7 8 |  8.0
Throwing       | 2 |  2.3
Dodging        | |  1.5

Action                   |  1- 3 |  4- 6 |  7- 9 | 10-12 || total
-------------------------+-------+-------+-------+-------++-------
Melee: Hand axe          |    87 |       |       |       ||    87
       Broad axe         |    20 |   110 |   199 |    98 ||   427
Throw: Boomerang         |     8 |    30 |    26 |       ||    64
Invok: Berserk           |     1 |     4 |     9 |     3 ||    17
  Use: Scroll            |     6 |     8 |     4 |     1 ||    19
       Potion            |     1 |     1 |     1 |     1 ||     4
Armor: Animal skin       |    12 |       |       |       ||    12
       Plate armour      |    82 |   101 |   257 |    59 ||   499
Dodge: Dodged            |    59 |    50 |    97 |    41 ||   247
Block: Buckler           |    20 |    15 |    45 |    25 ||   105

Table legend:
 A = Non-vault XP
 B = Vault XP
 C = Vault XP percentage of total XP
 D = Non-vault monster count
 E = Vault monster count
 F = Vault count percentage of total count
                 A         B        C        D         E       F
            +---------+---------+-------+---------+---------+-------
      Total |    6431 |     832 |  11.5 |     168 |      26 |  13.4
            +---------+---------+-------+---------+---------+-------
        D:1 |      31 |       0 |   0.0 |      14 |       0 |   0.0
        D:2 |      13 |       2 |  13.3 |       8 |       1 |  11.1
        D:3 |      59 |       0 |   0.0 |      25 |       0 |   0.0
        D:4 |     100 |      38 |  27.5 |      21 |      13 |  38.2
        D:5 |     164 |       0 |   0.0 |      11 |       0 |   0.0
        D:6 |    1207 |     172 |  12.5 |      24 |       1 |   4.0
        D:7 |    1128 |     322 |  22.2 |      19 |      10 |  34.5
        D:8 |    1190 |       0 |   0.0 |      16 |       0 |   0.0
        D:9 |    2539 |     298 |  10.5 |      30 |       1 |   3.2
            +---------+---------+-------+---------+---------+-------
